Map: Arctic Dream LE

Players

Massa

  • Race: Terran Terran
  • League: Platinum
  • Spawn Location: 6:00

qqq

  • Race: Zerg Zerg
  • Spawn Location: 5:00

alfi - Winner!

  • Race: Zerg Zerg
  • League: Master
  • Spawn Location: 12:00

Fingolfin - Winner!

  • Race: Zerg Zerg
  • League: Platinum
  • Spawn Location: 11:00

VOD

Have the link to the VOD?

Description

Time

  • Played on: Feb. 25, 2021, 2:50 p.m.
  • Length: 13:36
Show
View Real Time Build Order
Export as new Build Order

Massa Terran 

Build Orders: 2 Factory, Hellion Opening 

Get SALT Encoding   

  12  0:00  SCV  
  13  0:12  SCV  
  14  0:18  Supply Depot  
  14  0:25  SCV  
  15  0:40  SCV  
  15  0:42  Barracks  
  16  0:46  Refinery  
  16  0:52  SCV  
  17  1:04  SCV  
  18  1:16  SCV  
  19  1:28  SCV  
  20  1:40  Orbital Command  
  20  1:46  Command Center  
  20  1:58  Barracks Reactor  
  20  2:03  Supply Depot  
  20  2:06  SCV  
  21  2:18  Factory  
  21  2:22  SCV  
  22  2:34  SCV  
  23  2:39  Marine x2  
  25  2:47  Factory  
  25  2:54  Refinery  
  25  3:03  Supply Depot  
  25  3:09  Hellion  
  25  3:10  Barracks Tech Lab, Hellion  
  29  3:18  SCV  
  30  3:23  Orbital Command, Supply Depot  
  30  3:31  Hellion x2  
  34  3:40  Barracks Tech Lab, Hellion, Infernal Pre-Igniter  
  36  3:48  SCV  
  37  3:51  SCV  
  37  3:52  Hellion  
  37  3:53  Hellion  
  42  4:06  Starport  
  42  4:12  Hellion  
  42  4:14  Hellion x2  
  42  4:16  Marine, Stimpack  
  45  4:44  Hellion x3  
  45  5:07  Hellion x2  
  45  5:08  Hellion  
  45  5:29  Hellion  
  43  5:42  Hellion x2  
  43  5:45  Starport Tech Lab  
  41  5:50  Hellion  
  41  5:51  SCV x2  
  41  5:53  Starport  
  41  5:56  Starport  
  45  5:57  Refinery  
  45  6:00  Refinery  
  45  6:03  SCV x2  
  47  6:13  Hellion  
  47  6:14  Hellion x2  
  47  6:15  SCV  
  54  6:18  Armory  
  54  6:20  Banshee  
  54  6:21  Engineering Bay  
  54  6:24  Cloaking Field  
  57  6:30  SCV x2  
  59  6:33  Starport Tech Lab x2  
  59  6:35  Hellion  
  61  6:42  SCV  
  62  6:54  Combat Shield  
  62  6:55  Supply Depot x2  
  62  6:56  Supply Depot  
  62  6:58  Supply Depot  
  62  7:16  SCV, Siege Tank  
  62  7:21  Supply Depot  
  66  7:23  Supply Depot  
  44  7:44  Banshee x3  
  44  7:47  Hyperflight Rotors  
  44  7:48  SCV x2  
  55  7:54  Command Center  
  55  7:55  Widow Mine x2  
  55  7:56  Siege Tank  
  62  8:00  SCV x2  
  64  8:12  SCV, Marine  
  65  8:15  SCV  
  67  8:24  SCV  
  68  8:27  Banshee x2  
  74  8:53  Banshee  
  77  9:01  Marauder  
  79  9:10  Banshee x2  
  85  9:22  Marine  
  77  9:26  Widow Mine  
  77  9:27  Widow Mine  
  81  9:35  Terran Infantry Weapons Level 1  
  81  9:37  Barracks x2  
  81  9:39  Terran Vehicle Weapons Level 1  
  81  9:40  Engineering Bay, Marine  
  81  9:44  SCV x2  
  84  9:48  Widow Mine x2  
  88  9:56  SCV x2  
  90  10:03  Planetary Fortress  
  90  10:08  SCV x2  
  90  10:11  Missile Turret  
  92  10:20  SCV x2, Missile Turret  
  91  10:32  SCV  
  90  11:06  Siege Tank  
  93  11:17  Marauder  
  92  11:27  Medivac x3  
  92  11:28  Barracks Reactor, Barracks Tech Lab  
  98  11:38  Siege Tank  
  98  11:39  Marauder  
  91  11:53  Marauder  
  87  12:00  Marauder  
  89  12:08  Marine x2  
  91  12:10  Siege Tank  
  91  12:14  Marauder  
  92  12:22  Marauder  
  91  12:25  Marine  
  91  12:26  Marine  
  77  12:36  Marauder  
  76  12:43  Marauder, Marine  
  75  12:44  Barracks  
  75  12:45  Barracks  
  75  12:46  Barracks x2  
  75  12:50  Barracks  
  69  12:56  SCV x3  
  68  13:00  Command Center  
  68  13:08  SCV x2  
  68  13:09  Barracks  
  68  13:11  Widow Mine x2, Barracks  
  68  13:12  Marauder x2, Marine x2  
  83  13:17  Refinery  
  83  13:18  Refinery  
Show
View Real Time Build Order
Export as new Build Order

qqq Zerg 

Build Orders: Hatch First 

Get SALT Encoding   

  12  0:00  Drone  
  13  0:08  Drone  
  14  0:18  Overlord  
  14  0:44  Hatchery  
  14  0:49  Drone  
  14  0:52  Drone  
  15  1:07  Drone  
  15  1:08  Drone  
  17  1:19  Spawning Pool  
  17  1:21  Extractor  
  15  1:32  Drone x2  
  17  1:33  Drone  
  18  1:49  Drone  
  19  1:57  Drone  
  19  1:58  Drone  
  21  2:06  Overlord  
  21  2:08  Drone  
  22  2:12  Queen  
  24  2:17  Queen  
  26  2:23  Metabolic Boost  
  26  2:26  Drone  
  27  2:33  Overlord  
  27  2:34  Zergling x2  
  28  2:37  Drone  
  28  2:40  Zergling x2  
  28  2:43  Zergling x2  
  31  2:48  Zergling x2  
  32  2:53  Zergling x2  
  33  3:00  Zergling x2  
  33  3:02  Zergling x2  
  35  3:10  Zergling x2  
  36  3:13  Drone  
  36  3:17  Lair  
  37  3:25  Zergling x4, Overlord  
  37  3:26  Overlord  
  39  3:27  Zergling x4  
  39  3:28  Drone  
  39  3:30  Zergling x2  
  43  3:38  Zergling x2  
  44  3:49  Drone  
  44  3:53  Hatchery  
  44  4:04  Zergling x6  
  44  4:05  Zergling x6  
  50  4:16  Zergling x2  
  50  4:17  Zergling x2  
  50  4:18  Zergling x4  
  53  4:24  Spire  
  50  4:40  Zergling x4  
  50  4:41  Zergling x4  
  50  4:48  Zergling x2  
  50  4:49  Zergling x2  
  46  5:01  Zergling x2  
  46  5:02  Zergling x4  
  46  5:03  Zergling x6  
  46  5:16  Drone x2  
  46  5:19  Extractor  
  47  5:21  Drone x3  
  47  5:22  Drone  
  47  5:24  Extractor  
  50  5:33  Drone x3  
  53  5:38  Mutalisk  
  53  5:39  Mutalisk  
  45  6:06  Mutalisk  
  45  6:07  Zergling x2  
  45  6:08  Zergling x12  
  45  6:09  Drone x2, Zergling x2  
  52  6:13  Extractor  
  52  6:14  Queen  
  53  6:29  Drone  
  53  6:32  Drone x4  
  58  6:33  Overlord  
  58  6:34  Drone x6  
  64  6:44  Mutalisk  
  64  6:46  Overlord x2  
  66  6:52  Mutalisk x2  
  70  6:55  Drone, Overlord  
  70  6:56  Overlord  
  70  6:57  Drone  
  64  7:10  Mutalisk x2  
  64  7:14  Drone x2  
  64  7:15  Drone x2  
  72  7:20  Mutalisk  
  74  7:25  Zerg Flyer Weapons Level 1  
  74  7:55  Mutalisk x3  
  74  7:57  Zergling x12  
  74  7:58  Zergling x6  
  89  8:09  Extractor  
  89  8:10  Drone x3, Extractor  
  88  8:33  Mutalisk, Zergling x6, Infestation Pit  
  88  8:34  Mutalisk x2  
  88  8:36  Hatchery  
  88  8:37  Hatchery  
  88  8:39  Spine Crawler  
  91  8:42  Spine Crawler  
  91  8:43  Mutalisk  
  92  8:55  Mutalisk x2  
  95  8:56  Zergling x4  
  95  8:57  Zergling x10  
  100  9:13  Hatchery, Mutalisk, Hive  
  100  9:14  Mutalisk  
  103  9:20  Drone x3  
  83  9:38  Mutalisk x3  
  83  9:39  Mutalisk  
  91  9:59  Mutalisk x3  
  91  10:00  Drone  
  91  10:01  Drone x8  
  106  10:19  Overlord  
  106  10:20  Overlord x4  
  106  10:29  Drone  
  107  10:39  Hatchery, Drone x2  
  107  10:40  Drone x2, Viper x2  
  107  10:41  Viper  
  119  11:14  Mutalisk x5  
  119  11:15  Zergling x8  
  122  11:31  Zergling x6  
  99  11:48  Mutalisk x2  
  99  11:49  Mutalisk x2  
  99  11:53  Drone x3  
  85  12:07  Mutalisk x4  
  66  12:35  Mutalisk x2  
  65  12:46  Overlord  
  65  12:47  Overlord  
  65  12:48  Overlord  
Show
View Real Time Build Order
Export as new Build Order

alfi Zerg - Winner!

Build Orders: Hatch First 

Get SALT Encoding   

  12  0:01  Drone  
  13  0:13  Overlord  
  13  0:16  Drone  
  14  0:31  Drone  
  14  0:32  Drone  
  16  0:36  Drone  
  17  0:52  Hatchery  
  17  0:55  Drone  
  17  1:00  Drone  
  18  1:04  Extractor  
  17  1:12  Spawning Pool  
  17  1:15  Drone  
  17  1:23  Drone  
  18  1:33  Drone  
  19  2:03  Drone  
  19  2:04  Queen x2  
  19  2:05  Zergling x4  
  26  2:22  Hatchery  
  25  2:28  Overlord  
  25  2:34  Overlord  
  25  2:39  Metabolic Boost  
  25  2:46  Overlord  
  25  2:54  Drone x2  
  25  2:56  Drone  
  28  3:00  Drone  
  28  3:04  Drone  
  30  3:07  Drone  
  30  3:09  Drone  
  32  3:14  Drone  
  32  3:15  Drone  
  34  3:21  Drone x2  
  34  3:26  Baneling Nest  
  35  3:28  Drone  
  35  3:32  Zergling x2  
  35  3:33  Zergling x2  
  38  3:39  Evolution Chamber  
  38  3:40  Drone  
  38  3:42  Zergling x2  
  38  3:46  Zergling x4  
  38  3:48  Zergling x2  
  42  3:50  Zergling x2  
  42  3:52  Zergling x2  
  44  3:55  Zergling x4  
  44  4:00  Zergling x4  
  44  4:01  Zergling x2  
  47  4:03  Zergling x2  
  47  4:05  Zergling x2  
  49  4:10  Zergling x4  
  49  4:11  Zergling x2  
  49  4:13  Zergling x2  
  49  4:15  Baneling x2  
  49  4:16  Baneling  
  52  4:17  Baneling  
  52  4:18  Baneling  
  52  4:19  Zergling x2  
  52  4:21  Baneling  
  52  4:22  Baneling  
  53  4:25  Overlord  
  51  4:32  Zergling x2  
  51  4:33  Overlord  
  43  4:40  Zergling x6  
  44  4:51  Zergling x4  
  41  5:00  Zergling x2  
  41  5:01  Zergling x2  
  41  5:06  Zergling x2  
  40  5:09  Spine Crawler  
  40  5:13  Lair  
  37  5:19  Zergling x4  
  37  5:23  Drone  
  32  5:28  Extractor  
  32  5:30  Drone  
  32  5:32  Zergling x2  
  32  5:35  Zergling x2  
  29  5:37  Zergling x4  
  29  5:43  Zergling x2  
  29  5:44  Zergling x2  
  29  5:45  Drone x2  
  29  5:46  Drone  
  29  5:48  Extractor  
  29  5:49  Extractor  
  32  5:52  Drone  
  32  5:56  Baneling x3  
  32  5:57  Baneling  
  33  5:58  Drone  
  33  6:03  Drone x5  
  33  6:04  Drone  
  38  6:13  Drone  
  38  6:16  Drone  
  40  6:30  Spire  
  39  6:35  Drone  
  40  6:40  Drone x2  
  39  6:48  Drone x3  
  40  7:09  Spore Crawler x2  
  40  7:13  Overlord  
  37  7:30  Drone x4  
  41  7:42  Mutalisk x6  
  53  7:46  Mutalisk  
  55  7:51  Mutalisk  
  55  7:58  Zerg Flyer Armor Level 1  
  57  8:02  Mutalisk  
  59  8:06  Mutalisk  
  59  8:09  Mutalisk  
  63  8:15  Mutalisk  
  65  8:25  Mutalisk  
  65  8:32  Mutalisk  
  65  8:34  Drone x4  
  71  8:43  Overseer  
  71  8:47  Mutalisk  
  73  8:54  Drone x3  
  76  9:04  Mutalisk  
  76  9:05  Mutalisk  
  76  9:25  Overlord x3  
  70  9:32  Mutalisk  
  70  9:34  Mutalisk  
  66  9:39  Hatchery, Mutalisk  
  66  9:41  Spore Crawler  
  66  9:44  Mutalisk  
  65  9:51  Mutalisk  
  67  10:00  Mutalisk  
  67  10:03  Drone x6  
  74  10:14  Mutalisk  
  74  10:16  Drone x3, Overlord  
  74  10:19  Mutalisk  
  81  10:32  Mutalisk  
  83  10:40  Pneumatized Carapace  
  84  10:42  Drone  
  84  10:43  Drone x4  
  78  10:59  Mutalisk x2  
  78  11:02  Spore Crawler x2  
  78  11:03  Spore Crawler  
  67  11:05  Mutalisk  
  65  11:12  Drone x2  
  65  11:14  Spore Crawler  
  65  11:15  Zergling x4, Spore Crawler  
  65  11:16  Zergling x4  
  65  11:17  Zergling x2  
  69  11:23  Zergling x6  
  69  11:25  Zergling x2  
  73  11:36  Hatchery  
  73  11:38  Zergling x4  
  74  11:40  Zergling x2  
  75  11:47  Mutalisk  
  75  11:49  Zergling x2  
  78  11:58  Mutalisk  
  78  12:00  Zergling x2  
  82  12:08  Zergling x2  
  82  12:11  Mutalisk x2  
  82  12:13  Mutalisk  
  88  12:24  Mutalisk  
  88  12:26  Drone x2  
  88  12:28  Overlord x2  
  92  12:37  Overlord x2  
  84  12:50  Mutalisk x2  
  84  12:51  Mutalisk  
  87  13:04  Mutalisk  
  73  13:22  Hatchery  
Show
View Real Time Build Order
Export as new Build Order

Fingolfin Zerg - Winner!

Build Orders: Hatch First 

Get SALT Encoding   

  12  0:00  Drone  
  13  0:12  Overlord  
  13  0:17  Drone  
  14  0:31  Drone x2  
  16  0:38  Drone  
  17  0:52  Hatchery  
  17  0:56  Drone  
  17  1:10  Spawning Pool  
  16  1:14  Extractor  
  16  1:16  Drone  
  16  1:19  Drone  
  16  1:23  Drone  
  18  1:28  Drone  
  19  1:45  Drone  
  20  1:49  Drone  
  21  2:04  Queen x2  
  21  2:06  Drone x2  
  27  2:11  Overlord  
  27  2:17  Roach Warren  
  27  2:20  Drone  
  27  2:24  Drone  
  28  2:30  Drone  
  28  2:32  Drone  
  28  2:36  Drone  
  31  2:43  Drone  
  32  2:49  Lair  
  33  2:51  Drone  
  33  2:54  Drone  
  33  2:58  Evolution Chamber  
  33  2:59  Drone, Evolution Chamber  
  33  3:07  Drone  
  33  3:12  Extractor  
  33  3:14  Extractor  
  33  3:17  Drone x4  
  33  3:19  Overlord  
  36  3:20  Overlord  
  36  3:37  Drone  
  36  3:38  Drone x2  
  36  3:40  Drone  
  36  3:41  Drone  
  41  3:47  Zerg Ground Armor Level 1  
  41  3:51  Glial Reconstitution  
  41  4:05  Zerg Missile Weapons Level 1  
  41  4:07  Zergling x2  
  41  4:08  Zergling x10  
  47  4:15  Roach  
  47  4:16  Roach  
  51  4:20  Overlord  
  51  4:21  Overlord x4  
  51  4:39  Roach x3  
  54  4:47  Roach  
  54  4:48  Roach  
  48  5:17  Roach  
  48  5:18  Roach x6  
  62  5:22  Queen  
  64  5:36  Hatchery, Roach x3  
  69  5:52  Roach x4  
  69  5:53  Roach x2  
  77  6:15  Drone  
  77  6:16  Drone x4  
  77  6:17  Drone  
  83  6:28  Drone x4  
  83  6:29  Zerg Missile Weapons Level 2  
  83  6:31  Zerg Ground Armor Level 2  
  87  6:35  Extractor  
  87  6:36  Drone x2  
  88  7:06  Roach x5  
  98  7:15  Spore Crawler  
  97  7:16  Spore Crawler  
  97  7:18  Spore Crawler x2  
  97  7:22  Overlord x2  
  94  7:23  Overlord x4  
  80  7:49  Drone  
  80  7:50  Drone x11  
  92  8:00  Hydralisk Den  
  89  8:36  Queen  
  89  8:38  Drone x13  
  102  8:51  Overseer  
  102  8:59  Hydralisk x4  
  102  9:00  Hydralisk x2  
  112  9:29  Hydralisk  
  112  9:30  Hydralisk x9  
  130  9:49  Grooved Spines  
  126  10:02  Extractor  
  126  10:03  Extractor  
  126  10:06  Overlord x4  
  126  10:07  Overlord x2  
  124  10:15  Infestation Pit  
  123  10:25  Drone x2  
  123  10:26  Drone  
  123  10:27  Hydralisk  
  123  10:28  Hydralisk x7  
  128  10:30  Hydralisk  
  142  11:01  Muscular Augments  
  138  11:11  Hydralisk  
  138  11:12  Hydralisk x12  
  138  11:43  Hydralisk x9  
  132  12:16  Hydralisk  
  132  12:17  Hydralisk x8  
  132  12:20  Spore Crawler x2  
  132  12:21  Spore Crawler  
  131  12:33  Overseer  
  131  12:36  Spore Crawler  
  121  12:37  Spore Crawler  
  121  12:39  Spore Crawler  
  121  12:40  Spore Crawler  
  116  12:51  Hydralisk x4  
  112  12:57  Overlord  
Tags
 
Add a new tag
Caveats
  • Supply blocks, unpowered buildings, or Contaminate may cause inaccurate times.
  • Supply counts are checked every 10 seconds.